 Dungeon Crawl Stone Soup version 0.18-a0-1180-g64ccc1e (webtiles) character file.

65 Silkki the Covered (level 4, -1/28 HPs)
             Began as a Gargoyle Fighter on Jan 27, 2016.
             Slain by a gnoll
             ... wielding a +0 halberd
              (9 damage)
             ... on level 3 of the Dungeon.
             The game lasted 00:04:10 (1193 turns).

Silkki the Covered (Gargoyle Fighter)               Turns: 1193, Time: 00:04:10

Health: -1/28      AC: 10    Str: 25    XL:     4   Next: 14%
Magic:  4/4        EV:  8    Int:  9    God:
Gold:   167        SH:  9    Dex:  9    Spells: 0 memorised, 3 levels left

rFire  . . .     SeeInvis .     a - +0 flail
rCold  . . .     Gourm    .     b - +0 scale mail
rNeg   + . .     Faith    .     c - +0 shield
rPois  ∞         Spirit   .     (no helmet)
rElec  +         Dismiss  .     (no cloak)
rCorr  .         Reflect  .     (no gloves)
SustAt .         Harm     .     (no boots)
MR     .....                    (no amulet)
Stlth  ..........               (no ring)
                                (no ring)

@: mighty, not resistant to hostile enchantments, extremely unstealthy
A: negative energy resistance 1, electricity resistance, unbreathing,
petrification resistance, rot immunity, AC +3
a: no special abilities


You were on level 3 of the Dungeon.
You were very hungry.

You visited 1 branch of the dungeon, and saw 3 of its levels.

You collected 167 gold pieces.

Inventory:

Hand Weapons
 a - a +0 flail (weapon)
Armour
 b - a +0 scale mail (worn)
 c - a +0 shield (worn)
Jewellery
 k - an uncursed ring of positive energy {unknown}
 p - a cursed amulet of inaccuracy {unknown}
Scrolls
 e - a scroll of enchant armour {unknown}
 h - a scroll of fear {unknown}
 i - 2 scrolls of identify {unknown}
 m - a scroll of fog {unknown}
 o - a scroll of enchant weapon {unknown}
Potions
 g - a potion of brilliance {unknown}
 j - a potion of ambrosia {unknown}
 l - a potion of mutation {unknown}
 n - 2 potions of curing {unknown}
 q - a potion of heal wounds {unknown}
Comestibles
 f - a bread ration


   Skills:
 + Level 3.6 Fighting
 * Level 2.6 Maces & Flails
 + Level 3.9 Armour
 - Level 0.7 Dodging
 + Level 3.8 Shields


You had 3 spell levels left.
You didn't know any spells.

Dungeon Overview and Level Annotations

Branches:
Dungeon (3/15)

Altars:
Makhleb
Xom
The Shining One


Innate Abilities, Weirdness & Mutations

You are resistant to torment.
Your stone body is resilient (AC +3).
You are immune to poison.
You resist negative energy.
You are resistant to electric shocks.
You can survive without breathing.
You are immune to petrification.
You are immune to rotting.


Message History

You are too injured to fight recklessly!
You are too injured to fight recklessly!
You are too injured to fight recklessly!
You are too injured to fight recklessly!
You are too injured to fight recklessly!
You are too injured to fight recklessly!
You are too injured to fight recklessly!
You are too injured to fight recklessly!
You are too injured to fight recklessly!
You are too injured to fight recklessly!
You are too injured to fight recklessly!
You are too injured to fight recklessly!
You are too injured to fight recklessly!
Eat which item? (? for menu, Esc to quit)
Okay, then.
Drink which item? (? for menu, Esc to quit)
You feel very mighty all of a sudden. You block the gnoll's attack.
The gnoll hits you from afar with a halberd!
You die...

# .. ######### #.#
#.<.....#####g..###
######..####.#..@g......
<.<......###.#.####.####
.............).# .
#..####.####...# ... ..
#.....##...#..... .
#.......#......._.
#.......#.#.#.....
....._.....#.#.....
..#.......#.#.# ....


You could see 2 gnolls.

Vanquished Creatures
  A gnoll (D:3)
  An adder (D:2)
  2 oozes
  2 worms
  2 giant geckos (D:2)
  A giant cockroach (D:2)
  3 goblins
  2 hobgoblins (D:2)
  2 jackals (D:1)
  5 kobolds
  A quokka (D:2)
  3 bats
  3 giant newts (D:1)
  7 rats (D:2)
35 creatures vanquished.

Notes
Turn   | Place    | Note
--------------------------------------------------------------
     0 | D:1      | Silkki the Gargoyle Fighter began the quest for the Orb.
     0 | D:1      | Reached XP level 1. HP: 14/14 MP: 1/1
   130 | D:1      | Reached XP level 2. HP: 14/19 MP: 2/2
   571 | D:2      | Reached XP level 3. HP: 19/23 MP: 3/3
   619 | D:2      | Found a shimmering altar of Xom.
   619 | D:2      | Found a shimmering altar of Xom.
   620 | D:2      | Found a shimmering altar of Xom.
   620 | D:2      | Found a shimmering altar of Xom.
  1142 | D:3      | Found a burning altar of Makhleb.
  1167 | D:3      | Found a glowing golden altar of the Shining One.
  1192 | D:3      | Reached XP level 4. HP: 9/28 MP: 4/4
  1193 | D:3      | Slain by a gnoll

Vault maps used:
D:1:      minmay_arrival_glassed_features
D:2:      xom_redecorated
D:3:      old_standard_altar, old_standard_altar, first_bread,
          ecumenical_altar_2

Action                   |  1- 3 |  4- 6 || total
-------------------------+-------+-------++-------
Melee: Flail             |   145 |       ||   145
  Use: Potion            |       |     1 ||     1
